Workbook

Sheet Front

Sheet Assumptions
B4: Information Used & Assumptions
B6: 1 | C6: Information Used
B7: PDF document named 'Ground Floor Plan - Marked Up (Piling Mat)'
B8: PDF document named ' ALLIANCE 3D MODEL floor plan pile caps'
B9: Alliance Construction Ltd's Construction Programme - produced by E Williams
B10: NRM1 Document
B11: SPONS Architects 2020
B12: SPONS Civil 2020
B13: Alliance Construction Ltd's Structural Report - produced by SP Griffiths
B14: Word document "material choices" - produced by SP Griffiths
B17: 2 | C17: General Assumptions;
C18: I have assumed there is no contaminated land on this site
C19: I have assumed the project is located at Plot E9, SA1, Swansea. This site also has easy access and no restrictions
C20: The project is due to commence in May 2022 - as per E Williams' programme
C21: The cost plan is for a Student Accomodation block, with retail units at the Ground Floor
C22: The project is currently at Design Stage, and there are no planning restrictions or conditions
C23: I have assumed that all material excavated for the foundations works are to be disposed on site and none is to be removed from site (unless otherwise stated)
C24: I have assumed there are 3x lifts as per Ground Floor drawing provided
C25: I assumed that there is adequate services provision and drainage capacity available and are adjacent to the site
C26: No fitting out costs allowed - this is to be with the leaseholder of the retail units
C27: No tree stumps or contaminated land on the site
C28: No cut and fill required - (no muck away or import required)
C29: Concrete stairs assumed
... C35: No allowance for retaining walls on the site as the site is flat
B37: 3 | C37: General Notes and Exclusions;
C38: Precast driven piles with Reinforced Concrete strip foundations have been allowed for, as per SP Griffiths' structural report
C39: I have used the Tender Price Index - as this is the cost to the client, not the cost to the contractor
C40: Exclusions:
C41: VAT
C42: Works beyond established scope
C43: Land costs and associated legal fees
C44: Any major earthworks to deal with large changes in ground level

Sheet Summary Page
B2: Project details: | C2: Plot E9 (UWTSD)
B5: Description: | C5: Full Project Costing for the proposed development
B7: Building Works Estimate
B9: Based on GIA of: | C9: =1488.43*3 -> 4465.29 | D9: m2
C11: Group Element | D11: Element Type | E11: Total | F11: £/m2
B13: Works cost estimate (sub total A) | C13: Group element 0 - Facilitating Works | D13: 0 | E13: ='Elemental Cost Plan'!J18 -> 13365 | F13: =E13/$C$9 -> 2.9930867
C14: Group element 1 - Substructure | D14: 1 | E14: ='Elemental Cost Plan'!J74 -> 542833.71 | F14: =E14/$C$9 -> 121.5674
C15: Group element 2 - Superstructure | D15: 2 | E15: ='Elemental Cost Plan'!J285 -> 3763245 | F15: =E15/$C$9 -> 842.77729
C16: Group element 3 - Internal Finishes | D16: 3 | E16: ='Elemental Cost Plan'!J319 -> 1321060.3 | F16: =E16/$C$9 -> 295.85095
C17: Group element 4 - Fittings, Furnishings and Equipment | D17: 4 | E17: ='Elemental Cost Plan'!J337 -> 1048800 | F17: =E17/$C$9 -> 234.87836
C18: Group element 5 - Services | D18: 5 | E18: ='Elemental Cost Plan'!J388 -> 2361129.3 | F18: =E18/$C$9 -> 528.77402
C19: Group element 8 - External Works | D19: 8 | E19: ='Elemental Cost Plan'!J411 -> 288721.69 | F19: =E19/$C$9 -> 64.659113 | J19: =E56-E20 -> 4372548.4
E20: =SUM(E13:E19) -> 9339155.1 | F20: =E20/$C$9 -> 2091.5002 | J20: =J19/E20 -> 0.46819528
B24: Project design team fees and other development costs (sub total B) | J24: =E20*J20 -> 4372548.4
B25: Provisional Sums | J25: =J24+E20 -> 13711703
B26: Design Fees | E26: 65000 | F26: =E26/$C$9 -> 14.556725
B27: Juliett balconies - all associated works | E27: 25000 | F27: =E27/$C$9 -> 5.5987405
B28: Unknown facilitating works - i.e contaminated land etc | E28: 75000 | F28: =E28/$C$9 -> 16.796222
B29: Wind Turbine - all associated works | E29: 500000 | F29: =E29/$C$9 -> 111.97481
B30: Mechanical and Electrical works - including Air Source Heat Pumps to flats | E30: =84*7000 -> 588000 | F30: =E30/$C$9 -> 131.68238
B31: Mechanical and Electrical works - including Air Source Heat Pumps to retail units | E31: =5*7000 -> 35000 | F31: =E31/$C$9 -> 7.8382367
B32: Fixed and loose furniture - accomodation communal areas | E32: 50000 | F32: =E32/$C$9 -> 11.197481
B33: Fixed and loose furniture - flats (£1500 per flat) | E33: =84*1500 -> 126000 | F33: =E33/$C$9 -> 28.217652
B34: Provision for Statutory Service Connections (electric & water) including 3 phase supply to retail units | E34: =(84*1200)+(5*3000) -> 115800 | F34: =E34/$C$9 -> 25.933366
B35: External Drainage Works | E35: 175000 | F35: =E35/$C$9 -> 39.191184
B36: External works (Roads/Kerbs/Street furniture/street lighting/bollards/signs) | E36: 75000 | F36: =E36/$C$9 -> 16.796222
B37: Base cost estimate A + B (sub total C) | E37: =SUM(E26:E36)+E20 -> 11168955 | F37: =E37/$C$9 -> 2501.2832
C39: Design Contingency | D39: Risk allowance @ 2.5% | E39: =$E$37*2.5% -> 279223.88 | F39: =E39/$C$9 -> 62.532081
C40: Construction Risk | D40: Risk allowance @ 2.5% | E40: =$E$37*2.5% -> 279223.88 | F40: =E40/$C$9 -> 62.532081
C41: Employers Change Risk | D41: Risk allowance @ 2.5% | E41: =$E$37*2.5% -> 279223.88 | F41: =E41/$C$9 -> 62.532081
C42: Other Mis. Risk | D42: Risk allowance @ 2.5% | E42: =$E$37*2.5% -> 279223.88 | F42: =E42/$C$9 -> 62.532081
C43: Preliminaries | D43: Risk allowance @ 12% | E43: =E37*12% -> 1340274.6 | F43: =E43/$C$9 -> 300.15399
B45: Total Risk allowances (sub total D) | E45: =SUM(E39:E43)+E37 -> 13626125 | F45: =E45/$C$9 -> 3051.5656
C46: Inflation Adjustment
C47: SPONS Value - Based on London Rates | D47: 124 | E47: =E45 -> 13626125
C48: CONVERSION TO BCIS INDEX FORECAST FOR PROJECT DURATION (AVERAGE TAKEN OF PROJECT DURATION - MAY 2022 - JUNE 2023) | E48: =-(290.6-357.01)/361.2 -> 0.18385936
C49: CONVERSION TO BCIS INDEX FORECAST FOR PROJECT DURATION (AVERAGE TAKEN OF PROJECT DURATION) AS A PERCENTAGE | E49: =E48 -> 0.18385936
C50: CONVERSION TO BCIS INDEX FORECAST FOR PROJECT DURATION (MAY 2022 - JUNE 2023) | D50: 0 | E50: =E47*E49 -> 2505290.6
D51: Total | E51: =E50+E47 -> 16131416
C52: Location Adjustment
C53: London | D53: 1 | E53: =E51 -> 16131416
C54: Wales | D54: 0.85 | E54: =E53*D54 -> 13711703
B56: Total Construction Cost (C + D) | E56: =E54 -> 13711703 | F56: =E56/$C$9 -> 3070.7308

Sheet Elemental Cost Plan
A2: Cost Plan for: | C2: ='Summary Page'!C5 -> Full Project Costing for the proposed development
A4: Elemental Cost Plan
B8: Elements in red are NRM1 Phraseologies | J8: =SUM(I12:I545) -> 9339155.1
A10: Ref. | B10: Element | C10: Timesing | D10: Quantity | F10: Unit | H10: Rate | I10: Sub-Total | J10: Group-Total | K10: Notes
H11: £ | I11: £ | J11: £
A13: 0 | B13: FACILITING WORKS
B14: SITE CLEARANCE AND PREPERATION
B15: Clearing Site vegetation
B16: bushes,scrub, undergrowth, hedges and treesand tree stumps not exceeding 500mm girth | D16: 90 | F16: m | G16: width of plot
D17: 90 | F17: m | G17: length of plot
E18: =D16*D17 -> 8100 | F18: m2 | G18: area of plot | H18: 1.65 | I18: =H18*E18 -> 13365 | J18: =I18 -> 13365 | K18: As per page 284 of SPONS 2020 (ARCHITECT edition)
A20: 1 | B20: SUBSTRUCTURE
A21: 1.1 | B21: 1.1 FOUNDATIONS
B22: Piling
B23: Enabling Work: | K23: Piling mat specification is as per SPG's Structural Report
B24: excavate to form piling mat; supply and lay imported hardcore - recycled brick and similar to form piling mat
E25: 264.84 | F25: lm | G25: perimeter of building
E26: 5 | F26: m | G26: width of piling mat
E27: =E25*E26 -> 1324.2 | F27: m2 | G27: area of piling mat
E28: 0.2 | F28: mm | G28: depth of piling mat
E29: =E27*E28 -> 264.84 | F29: m3 | H29: 13.7 | I29: =H29*E29 -> 3628.308 | K29: As per page 133 of SPONS 2020 (CIVIL edition)
A31: 1.2 | B31: provision of plant (1 nr rig); including bringing to and removing from site;
B32: maintenance, erection and dismantling at each pile position | D32: 1 | E32: =D32 -> 1 | F32: no | H32: 23000 | I32: =H32*E32 -> 23000 | K32: =K29 -> As per page 133 of SPONS 2020 (CIVIL edition)
A34: 1.3 | B34: Supply and install concrete Continuous Flight Auger (CFA) piles; cart away
B35: inactive spoil; measure total length of pile
B37: 450mm dia. reinforced concrete CFA piles | D37: 61 | E37: 61 | F37: no | G37: number of pile caps | K37: As per pile cap drawing from SPG
D38: 3 | E38: 3 | F38: no | G38: piles per pile cap
E39: =D38*D37 -> 183 | F39: no | G39: number of piles
E40: 25 | F40: m | G40: depth of piles
E41: =E39*E40 -> 4575 | F41: m | G41: total meterage of piles | H41: 63 | I41: =H41*E41 -> 288225 | K41: As per page 133 of SPONS 2020 (CIVIL edition)
A43: 1.4 | B43: Pile testing
B44: using tension piles as reaction; typical loading test 1000 kN to 2000 kN | D44: 3 | E44: 3 | F44: no | G44: assuming 3x tests required | H44: 9500 | I44: =H44*E44 -> 28500 | K44: As per page 133 of SPONS 2020 (CIVIL edition)
B46: integrity testing; minimum 20 per visit | D46: 10 | E46: 10 | F46: no | G46: minimum 20x per visit (183/20 = 9.15, so allowed 10) | H46: 19.3 | I46: =H46*E46 -> 193 | K46: As per page 133 of SPONS 2020 (CIVIL edition)
B48: Piling Caps
A49: 1.5 | B49: Excavate pit in firm ground by machine, partial backfill, partial disposal, | K49: As per pile cap drawing from SPG
B50: support, compaction, cut off pile and prepare reinforcement, formwork;
B51: reinforced in situ concrete cap 25 N/mm²; reinforcement at 50 kg/m³; rates
B52: per cap for cap size
B54: 2100mm× 2100mm× 1000 mm; 2–3 piles | D54: =D37 -> 61 | E54: 61 | F54: =F37 -> no | G54: =G37 -> number of pile caps
E55: =E54 -> 61 | F55: no | H55: 2050 | I55: =H55*E55 -> 125050 | K55: As per page 134 of SPONS 2020 (CIVIL edition)
B56: Concrete Lift Pits
A57: 1.6 | B57: Excavate and disposal; reinforced concrete floor and walls; bitumen tanking
B58: as necessary | K58: As per Ground Floor Plan
B60: 1.80m× 2.50m× 1.60m deep pit −13 person lift/1000 kg | D60: 3 | E60: 3 | F60: no | G60: number of lifts required
E61: =E60 -> 3 | F61: no | H61: 4000 | I61: =H61*E61 -> 12000 | K61: As per page 134 of SPONS 2020 (CIVIL edition)
B62: Strip Foundations
A63: 1.7 | B63: Excavate trench 600mm wide, partial backfill, partial disposal, earthwork support
B64: (risk item), compact base of trench, plain in situ concrete 20.00 N/mm² – 20mm
B65: aggregate (1:2:4), 250mm thick, 3 courses of common brick up to DPC level,
B66: cavity brickwork/blockwork in cement mortar (1:3), pitch polymer damp-proof
B67: course machine excavation
B69: With 3 courses of facing brick outer skin up to DPC level
B70: (PC bricks @ £700/1000)
B71: 600mm× 1500mm deep
E73: =E25 -> 264.84 | F73: lm | G73: perimeter of building | H73: 235 | I73: =H73*E73 -> 62237.4 | K73: As per page 216 of SPONS 2020 (ARCHITECTS edition)
J74: =SUM(I24:I73) -> 542833.71
A76: 2 | B76: FRAME
B78: Frame
A79: 2.1 | B79: Steel frame; composite beam and slab floors
B80: Suspended slab; permanent steel shuttering with 130mm thick concrete; no
B81: coverings or finishes
B83: up to 6 storeys | C83: 3 | D83: 1488.43 | F83: m2 | G83: GIFA - 1x floor
E84: =C83*D83 -> 4465.29 | F84: m2 | G84: Total GIFA | H84: 180 | I84: =H84*E84 -> 803752.2 | K84: As per page 219 of SPONS 2020 (ARCHITECTS edition)
B86: Floors
A87: 2.2.1 | B87: Composite steel deck flooring | K87: As per SP Griffiths Structural report
B88: Composite steel and concrete upper floors (Note: all floor thicknesses are
B89: nominal); A142 mesh reinforcement:
B91: Trapezoidal steel decking 1.20mm thick; 150mm reinforced concrete topping | C91: 2 | D91: 1488.43 | F91: m2 | G91: Floor Area | K91: Only required to 1st and 2nd floor
E92: =C91*D91 -> 2976.86 | F92: m2 | H92: 105 | I92: =H92*E92 -> 312570.3 | K92: As per page 222 of SPONS 2020 (ARCHITECTS edition)
A95: 2.3 | B95: Roof
B96: Concrete
B97: precast concrete suspended slab with sand: cement screed over m2 82.00 to 99.00
B98: reinforced concrete slabs; on steel permanent steel shuttering; 150mm | D98: 1488.43 | G98: roof area
E99: =D98 -> 1488.43 | F99: m2 | H99: 99 | I99: =H99*E99 -> 147354.57 | K99: As per page 223 of SPONS 2020 (Architects edition)
A100: 2.3.2 | B100: Roof Coverings
B101: Flat roofing systems
B102: Includes insulation and vapour control barrier; excludes decking (U-value =
B103: 0.25W/m2 K)
B104: Includes insulation and vapour control barrier
B105: high performance bitumen felt roofing system | D105: 1488.43 | G105: roof area
E106: =D105 -> 1488.43 | F106: m2 | H106: 120 | I106: =H106*E106 -> 178611.6 | K106: As per page 225 of SPONS 2020 (Architects edition)
A108: 2.3.3 | B108: Specialist Roof System
B109: Not applicable for this project
A111: 2.3.4 | B111: Roof Drainage
B112: Gutters | F112: lm | G112: perimeter of building
B113: 100mm uPVC gutter | E113: =E73 -> 264.84 | H113: 34.5 | I113: =H113*E113 -> 9136.98 | K113: As per page 225 of SPONS 2020 (Architects edition)
B115: Rainwater downpipes pipes; fixed to backgrounds; including offsets and shoes
B116: 68mm dia. uPVC | E116: 264.84 | F116: lm | G116: perimeter of building | H116: 31 | I116: =H116*E116 -> 8210.04 | K116: As per page 225 of SPONS 2020 (Architects edition)
A118: 2.3.5 | B118: Rooflights/Patent Glazing and Glazed Roofs | K118: Assumed rooflight 1.5m wide, above internal corridor on 2nd floor to increase lighting
B119: Rooflights
B120: individual polycarbonate rooflights; rectangular; electric opening | D120: 1.5 | G120: width of rooflight
D121: =(30.3+51.52+51.03) -> 132.85 | G121: length of rooflight
E122: =D121*D120 -> 199.275 | F122: m2 | G122: total area of rooflight | H122: 1325 | I122: =H122*E122 -> 264039.38 | K122: As per page 226 of SPONS 2020 (Architects edition)
A123: 2.3.6 | B123: Roof Features
B124: Flat roof feature
B125: roof walkways 600mm× 600mm× 50mm precast concrete slabs on support | D125: =D105 -> 1488.43 | F125: m2 | G125: roof area | K125: Assumed pedestrian access in order to access solar panels on roof for maintenance reasons
B126: pedestrian access | D126: =-E122 -> -199.275 | F126: m2 | G126: rooflight area
E127: =D125+D126 -> 1289.155 | F127: m2 | G127: area of roof walkways (all roof area minus rooflight area) | H127: 52 | I127: =H127*E127 -> 67036.06
A129: 2.4 | B129: STAIRS AND RAMPS
A130: 2.4.1 | B130: 2.4.1 Stair/Ramp Structures
...

Sheet SPONS Regional Variations
B2: TENDER PRICE INDEX
B31: REGIONAL VARIATION

Sheet BCIS Index
A2: Series: | B2: BCIS Materials Cost Index
A3: Base: | B3: 1985 mean = 100
A4: Last Updated: | B4: 44586
A5: Notes:
A6: Date | B6: Index | C6: Status | D6: Percentage change
D7: On year | E7: On quarter | F7: On month
A8: 36526 | B8: 164.5 | C8: Firm | D8: -0.1 | E8: 0.2 | F8: 0.1
A9: 36557 | B9: 164.5 | C9: Firm | D9: 0.4 | E9: 0 | F9: 0
A10: 36586 | B10: 165.4 | C10: Firm | D10: 1 | E10: 0.6 | F10: 0.5
A11: 36617 | B11: 166.6 | C11: Firm | D11: 1.1 | E11: 1.3 | F11: 0.7
A12: 36647 | B12: 167 | C12: Firm | D12: 1.8 | E12: 1.5 | F12: 0.2
A13: 36678 | B13: 167.3 | C13: Firm | D13: 2.1 | E13: 1.1 | F13: 0.2
A14: 36708 | B14: 167.4 | C14: Firm | D14: 2.3 | E14: 0.5 | F14: 0.1
A15: 36739 | B15: 167.8 | C15: Firm | D15: 2.5 | E15: 0.5 | F15: 0.2
A16: 36770 | B16: 167.9 | C16: Firm | D16: 2.6 | E16: 0.4 | F16: 0.1
A17: 36800 | B17: 168.2 | C17: Firm | D17: 2.5 | E17: 0.5 | F17: 0.2
A18: 36831 | B18: 168.3 | C18: Firm | D18: 2.3 | E18: 0.3 | F18: 0.1
A19: 36861 | B19: 168.6 | C19: Firm | D19: 2.6 | E19: 0.4 | F19: 0.2
... A331: 46357 | B331: 398.3 | C331: Forecast | D331: 2.9 | E331: 0.4 | F331: 0.1
